 Dungeon Crawl Stone Soup version 0.21-a0-496-g696f58f (console) character file.

2583 zero the Cleaver (level 9, 0/85 HPs)
             Began as a Gargoyle Berserker on Nov 23, 2017.
             Was an Elder of Trog.
             Killed from afar by a gargoyle (6 damage)
             ... with a stone arrow
             ... on level 7 of the Dungeon.
             The game lasted 00:02:46 (7276 turns).

zero the Cleaver (Gargoyle Berserker)               Turns: 7276, Time: 00:02:47

Health: 0/85       AC: 23    Str: 28 (29) XL:     9   Next: 58%
Magic:  9/9        EV:  8    Int:  6 (8)  God:    Trog [****..]
Gold:   407        SH:  0    Dex:  8 (9)  Spells: 8/8 levels left

rFire    . . .     SeeInvis .   e - +0 war axe
rCold    + . .     Gourm    .   (no shield)
rNeg     + + .     Faith    .   f - +0 plate armour
rPois    ∞         Spirit   .   y - +0 helmet
rElec    +         Reflect  .   h - +0 cloak
rCorr    .         Harm     .   (no gloves)
MR       .....                  t - +0 pair of boots
Stlth    ..........             (no amulet)
HPRegen  0.24/turn              a - ring of protection from cold
MPRegen  0.11/turn              q - ring of positive energy

@: berserking, very quick
A: negative energy resistance 1, electricity resistance, unbreathing,
petrification resistance, rot immunity, AC +6
a: Berserk, Trog's Hand, Brothers in Arms, Burn Spellbooks, Renounce Religion


You were on level 7 of the Dungeon.
You worshipped Trog.
Trog was greatly pleased with you.
You were hungry.

You visited 1 branch of the dungeon, and saw 7 of its levels.

You collected 407 gold pieces.


Innate Abilities, Weirdness & Mutations

You are resistant to torment.
Your stone body is resilient. (AC +6)
You are immune to poison.
You resist negative energy. (rN+)
You are resistant to electric shocks. (rElec)
You can survive without breathing.
You are immune to petrification.
You are immune to rotting.


   Skills:
 - Level 7.0 Fighting
 + Level 9.2 Axes
 - Level 7.2 Armour
 - Level 1.5 Dodging


You had 8 spell levels left.
You didn't know any spells.

Inventory:

Hand Weapons
 e - a +0 war axe (weapon)
 m - a +1 flail of draining
Missiles
 v - a tomahawk (quivered)
Armour
 f - a +0 plate armour (worn)
 h - a +0 cloak (worn)
 t - a +0 pair of boots (worn)
 y - a +0 helmet (worn)
Jewellery
 a - a ring of protection from cold (left hand)
 k - an uncursed ring of ice
 q - a ring of positive energy (right hand)
 u - an uncursed ring of positive energy
Wands
 b - a wand of enslavement (14)
Scrolls
 i - 2 scrolls of blinking
 l - 4 scrolls of teleportation
 s - a scroll of remove curse
Potions
 d - a potion of experience {unknown}
 g - a potion of heal wounds
 j - 3 potions of curing
 p - 2 potions of might
 r - 2 potions of mutation {unknown}
Comestibles
 c - 9 bread rations
 n - 2 meat rations
 o - 2 chunks of flesh
 w - 2 fruits

Dungeon Overview and Level Annotations

Branches:
Dungeon (7/15)
 Temple: D:4-7

Altars:
Cheibriados
Nemelex Xobeh
Yredelemnul

Annotations:
D:6 1 runed door


Message History

The gargoyle is heavily damaged.
You hit the gargoyle.
The gargoyle is heavily damaged.
The gargoyle hurls a stone arrow at you.
The stone arrow hits you!
You barely miss the gargoyle.
The gargoyle is heavily damaged.
You hit the gargoyle but do no damage.
The gargoyle is heavily damaged.
The gargoyle hurls a stone arrow at you.
The stone arrow hits you!
You hit the gargoyle.
The gargoyle is heavily damaged.
The gargoyle hurls a stone arrow at you.
The stone arrow hits you!
You hit the gargoyle.
The gargoyle is severely damaged.
The gargoyle hurls a stone arrow at you.
The stone arrow hits you!
You die...

.....................#....../.#
.....##......<..)....#..#######
................)......##
.....##................#
.....###.##..)#.....####
.....###.#..).......#..#
..............#.....#.##
................###.#..#
................###.#)####
........#.#..#.9.##.#....#
........#.#..##.@........#
.$......#.#..............#
#########.#<.............###
#####......[..............>#
...........................#
..(.#......................#
....#......................#
...........................#
....#......................#
....#.......#########......#
....#.......# ########


You could see a gargoyle.

Vanquished Creatures
  Prince Ribbit (D:6)
  A spriggan (D:7)
  Eustachio (D:4)
  The ghost of Daviar the Grave Robber, an amateur GnNe (D:3)
  Menkaure (D:4)
  Edmund (D:4)
  Duvessa (D:7)
  A phantom (D:5)
  2 sky beasts
  An ogre (D:7)
  A centaur (D:6)
  Blork the orc (D:4)
  2 bullfrogs
  Dowan (D:7)
  A water moccasin zombie (D:6)
  A crimson imp (D:6)
  A hound (D:5)
  An orc priest (D:7)
  2 bullfrog skeletons
  A centaur skeleton (D:7)
  An iguana (D:4)
  Jessica (D:2)
  3 worker ants
  Natasha (thrice) (D:4)
  9 orc wizards
  Terence (D:2)
  2 hound zombies
  A worker ant zombie (D:5)
  7 adders
  A shadow imp (D:6)
  An adder zombie (D:7)
  3 worms
  3 dart slugs
  5 leopard geckos
  11 orcs
  16 giant cockroaches
  16 goblins
  4 hobgoblins
  8 jackals
  5 quokkas
  2 ball pythons
  8 bats
  7 frilled lizards
  3 kobolds
  A quokka skeleton (D:6)
  12 rats
157 creatures vanquished.

Notes
Turn   | Place    | Note
-------+----------+-------------------------------------------
     0 | D:1      | zero the Gargoyle Berserker began the quest for the Orb.
     0 | D:1      | Reached XP level 1. HP: 14/14 MP: 1/1
     0 | D:1      | 0 ||| counter = 74
   112 | D:1      | Reached skill level 3 in Axes
   119 | D:1      | Reached XP level 2. HP: 14/19 MP: 2/2
   429 | D:1      | Found a snail-covered altar of Cheibriados.
   513 | D:1      | Reached XP level 3. HP: 21/23 MP: 3/3
   705 | D:1      | Reached skill level 4 in Axes
   883 | D:1      | Reached ** piety under Trog
   968 | D:1      | 968 ||| UPGRADING to ring mail.
   978 | D:1      | 978 ||| DROPPING +0 animal skin.
   979 | D:1      | 979 ||| READING scroll labeled TISHOT IBUOGG.
   980 | D:1      | 980 ||| READING 2 scrolls labeled VASANIPNEX.
   981 | D:1      | 981 ||| READING scroll labeled IMUEBR TESUTIDD.
   982 | D:1      | 982 ||| READING 2 scrolls labeled USAEHI VEOPLA.
   985 | D:1      | 985 ||| READING scroll labeled WESSIRI HENU.
   986 | D:1      | 986 ||| DROPPING scroll of amnesia.
  1091 | D:2      | Reached XP level 4. HP: 28/28 MP: 4/4
  1544 | D:2      | Noticed Terence
  1559 | D:2      | Killed Terence
  1559 | D:2      | Reached skill level 5 in Axes
  1608 | D:2      | Noticed Jessica
  1616 | D:2      | Killed Jessica
  1616 | D:2      | Reached XP level 5. HP: 33/33 MP: 5/5
  1809 | D:2      | 1809 ||| UPGRADING to plate armour.
  1819 | D:2      | 1819 ||| UPGRADING to cloak.
  1824 | D:2      | 1824 ||| DROPPING +0 ring mail.
  1825 | D:2      | 1825 ||| READING scroll labeled ULENNY FIOGRU.
  1826 | D:2      | 1826 ||| DRINKING 2 ruby potions.
  2076 | D:3      | 2076 ||| STAIRDANCE
  2118 | D:2      | 2118 ||| READING scroll labeled CYNEFE YKHASUFI.
  2119 | D:2      | 2119 ||| READING scroll of identify.
  2119 | D:2      | 2119 ||| IDENTIFYING sapphire ring
  2120 | D:2      | 2120 ||| UPGRADING to ring of protection from cold.
  2263 | D:3      | Reached *** piety under Trog
  2297 | D:3      | Reached skill level 3 in Armour
  2334 | D:3      | Noticed Daviar's ghost (amateur GnNe)
  2339 | D:3      | 2339 ||| INVOKING Berserk.
  2358 | D:3      | Killed Daviar's ghost
  2358 | D:3      | Reached XP level 6. HP: 40/40 MP: 6/6
  2476 | D:3      | 2476 ||| DROPPING club.
  3248 | D:3      | 3248 ||| UPGRADING to pair of boots.
  3253 | D:3      | 3253 ||| READING 2 scrolls labeled BUISKO BUTE.
  3254 | D:3      | 3254 ||| READING scroll labeled GELOGG ENLO.
  3255 | D:3      | 3255 ||| READING 3 scrolls labeled ZAN ZENAPRI.
  3256 | D:3      | 3256 ||| READING 2 scrolls of enchant weapon.
  3256 | D:3      | 3256 ||| ENCHANTING +1 hand axe.
  3257 | D:3      | 3257 ||| READING scroll of enchant weapon.
  3257 | D:3      | 3257 ||| ENCHANTING +2 hand axe.
  3258 | D:3      | 3258 ||| DRINKING 2 brown potions.
  3312 | D:3      | 3312 ||| EATING 2 royal jellies.
  3313 | D:3      | 3313 ||| READING 4 scrolls of identify.
  3313 | D:3      | 3313 ||| IDENTIFYING knobbly glass ring
  3314 | D:3      | 3314 ||| DROPPING ring of ice.
  3315 | D:3      | 3315 ||| READING 3 scrolls of identify.
  3315 | D:3      | 3315 ||| IDENTIFYING ring of ice
  3316 | D:3      | 3316 ||| READING 2 scrolls of identify.
  3316 | D:3      | 3316 ||| IDENTIFYING tubular emerald ring
  3317 | D:3      | 3317 ||| DROPPING cursed -4 ring of evasion.
  3318 | D:3      | 3318 ||| DROPPING potion of berserk rage.
  3373 | D:4      | 3373 ||| DROPPING whip.
  3374 | D:4      | Noticed Blork the orc
  3380 | D:4      | 3380 ||| INVOKING Berserk.
  3384 | D:4      | Noticed Natasha
  3385 | D:4      | Killed Blork the orc
  3396 | D:4      | Killed Natasha
  3396 | D:4      | Reached XP level 7. HP: 37/44 MP: 7/7
  3547 | D:4      | Noticed Natasha
  3566 | D:4      | Noticed Menkaure
  3577 | D:4      | Killed Menkaure
  3577 | D:4      | Reached skill level 6 in Axes
  3720 | D:4      | Found a basalt altar of Yredelemnul.
  3753 | D:4      | Killed Natasha
  3912 | D:4      | 3912 ||| INVOKING Burn Spellbooks.
  3915 | D:4      | Noticed Eustachio
  3915 | D:4      | Noticed Edmund
  3949 | D:4      | Killed Edmund
  3949 | D:4      | Reached skill level 7 in Axes
  3998 | D:4      | Killed Eustachio
  3998 | D:4      | Reached **** piety under Trog
  3998 | D:4      | Reached XP level 8. HP: 34/49 MP: 8/8
  4093 | D:4      | 4093 ||| DROPPING flail.
  4097 | D:4      | Noticed Natasha
  4106 | D:4      | Killed Natasha
  4372 | D:4      | 4372 ||| DRINKING 2 smoky red potions.
  4373 | D:4      | 4373 ||| READING 4 scrolls of identify.
  4373 | D:4      | 4373 ||| IDENTIFYING fuming blue potion
  4374 | D:4      | 4374 ||| READING 3 scrolls of identify.
  4374 | D:4      | 4374 ||| IDENTIFYING fizzy emerald potion
  4375 | D:4      | 4375 ||| DROPPING potion of flight.
  4404 | D:5      | Entered Level 5 of the Dungeon
  4478 | D:5      | 4478 ||| STAIRDANCE
  4512 | D:4      | 4512 ||| EATING 3 royal jellies.
  4558 | D:5      | Reached skill level 8 in Axes
  4662 | D:5      | 4662 ||| DRINKING 3 potions of curing.
  4662 | D:5      | 4662 ||| (to cure confusion)
  5301 | D:5      | 5301 ||| READING scroll labeled XUMEDO WUSYU.
  5302 | D:5      | 5302 ||| READING 2 scrolls of identify.
  5302 | D:5      | 5302 ||| IDENTIFYING silver ring
  5303 | D:5      | 5303 ||| UPGRADING to ring of positive energy.
  5304 | D:5      | 5304 ||| READING scroll of identify.
  5304 | D:5      | 5304 ||| IDENTIFYING ring of positive energy
  5368 | D:6      | Reached skill level 6 in Fighting
  5430 | D:6      | 5430 ||| UPGRADING to flail of draining.
  5431 | D:6      | 5431 ||| SWAPPING to +3 hand axe.
  5432 | D:6      | 5432 ||| UPGRADING to glowing mace.
  5433 | D:6      | 5433 ||| SWAPPING to +3 hand axe.
  5434 | D:6      | 5434 ||| DROPPING +0 mace of venom.
  5736 | D:6      | 5736 ||| EATING 2 royal jellies.
  5845 | D:6      | Found a runed door.
  5924 | D:6      | Reached XP level 9. HP: 55/55 MP: 9/9
  6062 | D:6      | Reached skill level 9 in Axes
  6124 | D:6      | Noticed Prince Ribbit
  6127 | D:6      | 6127 ||| INVOKING Berserk.
  6135 | D:6      | Killed Prince Ribbit
  6315 | D:6      | Found a sparkling altar of Nemelex Xobeh.
  6373 | D:6      | 6373 ||| EATING 2 royal jellies.
  6432 | D:6      | 6432 ||| UPGRADING to helmet.
  6437 | D:6      | 6437 ||| DRINKING 2 sedimented amethyst potions.
  6438 | D:6      | 6438 ||| DROPPING potion of degeneration.
  6510 | D:7      | Noticed Duvessa
  6511 | D:7      | Noticed Dowan
  6534 | D:7      | Killed Duvessa
  6542 | D:7      | Killed Dowan
  6543 | D:7      | 6543 ||| STAIRDANCE
  6860 | D:7      | 6860 ||| INVOKING Berserk.
  6862 | D:7      | Reached skill level 6 in Armour
  6863 | D:7      | 6863 ||| EATING royal jelly.
  6984 | D:7      | 6984 ||| SWAPPING to war axe.
  6987 | D:7      | 6987 ||| INVOKING Berserk.
  7110 | D:7      | 7110 ||| DROPPING +3 hand axe.
  7262 | D:7      | Noticed a gargoyle
  7267 | D:7      | 7267 ||| INVOKING Berserk.
  7274 | D:7      | HP: 15/85 [gargoyle/stone arrow (14)]
  7275 | D:7      | HP: 5/85 [gargoyle/stone arrow (10)]
  7276 | D:7      | Killed from afar by a gargoyle

Vault maps used:
D:1:      onia_arrival_mini_spirals, cheibriados_altar_1
D:2:      minmay_roachtagon, uniq_terence, uniq_jessica
D:3:      first_bread, kennysheep_generic_room_16
D:4:      yredelemnul_altar_generic, minmay_misc_feat_four_crosses,
          uniq_eustachio, uniq_natasha, uniq_menkaure, uniq_edmund,
          uniq_blork_the_orc
D:6:      nemelex_lonely_heart_becter, uniq_crazy_yiuf_cottage,
          uniq_prince_ribbit1
D:7:      minmay_temple_entry_butterflies, the_bakery, uniq_duvessa

Skill      XL: |  1  2  3  4  5  6  7  8  9 |
---------------+----------------------------+-----
Axes           | 3 4 5 7 8 9 |  9.2
Armour         | 3 4 5 7 |  7.2
Fighting       | 5 6 7 |  7.0
Dodging        | |  1.5

Action                   |  1- 3 |  4- 6 |  7- 9 || total
-------------------------+-------+-------+-------++-------
Melee: Hand axe          |   121 |   229 |   393 ||   743
       War axe           |       |       |    61 ||    61
Throw: Tomahawk          |       |    16 |    17 ||    33
Invok: Berserk           |       |     2 |     4 ||     6
       Burn Spellbooks   |       |       |     1 ||     1
  Use: Scroll            |     5 |    11 |     5 ||    21
       Potion            |       |     2 |     3 ||     5
  Eat: Chunk             |       |     8 |     8 ||    16
       Royal jelly       |       |     1 |     4 ||     5
Armor: Animal skin       |    33 |       |       ||    33
       Ring mail         |     5 |    54 |       ||    59
       Plate armour      |       |    73 |   308 ||   381
Dodge: Dodged            |    71 |   109 |   134 ||   314

Table legend:
 A = Spawn XP
 B = Non-spawn XP
 C = Spawn XP percentage of total XP
 D = Spawn monster count
 E = Non-spawn monster count
 F = Spawn count percentage of total count
 G = Total turns spent on level
                    A         B        C        D         E        F      G
               +---------+---------+-------+---------+---------+-------+---------
         Total |       0 |    3690 |   0.0 |       0 |     157 |   0.0 |  7276
               +---------+---------+-------+---------+---------+-------+---------
           D:1 |       0 |      59 |   0.0 |       0 |      33 |   0.0 |  1022
           D:2 |       0 |     142 |   0.0 |       0 |      32 |   0.0 |   881
           D:3 |       0 |     291 |   0.0 |       0 |      32 |   0.0 |  1448
           D:4 |       0 |    1013 |   0.0 |       0 |      16 |   0.0 |  1088
           D:5 |       0 |     320 |   0.0 |       0 |      11 |   0.0 |   880
           D:6 |       0 |    1061 |   0.0 |       0 |      21 |   0.0 |  1446
           D:7 |       0 |     804 |   0.0 |       0 |      12 |   0.0 |   511
               +---------+---------+-------+---------+---------+-------+---------
